cohdb
Replays
Latest Replays
All Replays
Popular Replays
Top Player Replays
Match Explorer
How It Works
Community
CoH3 Stats
Reddit
Sign in to upload your games and track your stats! →
Sign in with Steam
Match 43858141
Unlisted
Match 43858141
Overview
Messages
Build Orders
End
Construct Section Command Post
Vickers Machine Gun Team
Selects Heavy Armor Battlegroup
Selects Heavy Armor Battlegroup
Dingo Light Scout Car
Infantry Section
ML 3-inch Mortar Team
Infantry Section
Construct Platoon Command Post
Selects Light Vehicle Withdraw and Refit
Selects UNKNOWN (202330)
6-pounder Anti-tank Gun Team
Construct Company Command Post
Crusader AA Medium Tank
Selects Recon Artillery
Recon Artillery
Crusader AA Medium Tank
Alekel
Lost
粉色上瘾
许聪聪
Zerg6412
I Wumbo, You Wumbo
simranjitsingh713
jackliushanghai
0
0
Comments
sign in to comment!
No comments posted yet!